 Dungeon Crawl Stone Soup version 0.28.0-1-gb440e238dd (webtiles) character file.

Game seed: 8546488503043624032

3670 eliilek the Blocker (level 9, -4/80 HPs)
             Began as a Minotaur Fighter on Feb 19, 2022.
             Was a Priest of Jiyva.
             Succumbed to barbed spike wounds
             ... on level 7 of the Dungeon on Feb 21, 2022.
             The game lasted 00:23:40 (6516 turns).

eliilek the Blocker (Minotaur Fighter)              Turns: 6516, Time: 00:23:41

Health: -4/80      AC: 10    Str: 23    XL:     9   Next: 89%
Magic:  8/8        EV: 14    Int:  5    God:    Jiyva [***...]
Gold:   85         SH:  6    Dex: 12    Spells: 8/8 levels left

rFire   . . .      SeeInvis .   a - +1 flail
rCold   . . .      Faith    .   c - +0 buckler
rNeg    . . .      Spirit   .   f - +0 swamp dragon scales
rPois   +          Reflect  .   (helmet restricted)
rElec   .          Harm     .   (no cloak)
rCorr   +          Rampage  .   (no gloves)
Will    .....                   w - +0 pair of boots
Stlth   ++........              (no amulet)
HPRegen 1.35/turn               v - +4 ring of evasion
MPRegen 0.46/turn               (no ring)

@: spiked
A: horns 2, retaliatory headbutt, translucent skin 3, engulf
a: Renounce Religion, Oozemancy


You were on level 7 of the Dungeon.
You worshipped Jiyva.
Jiyva was most pleased with you.
You visited 2 branches of the dungeon, and saw 8 of its levels.
You also visited: Sewer.

You collected 206 gold pieces.
You spent 121 gold pieces at shops.

Inventory:

Hand Weapons
 a - a +1 flail (weapon)
Armour
 c - a +0 buckler (worn)
 f - +0 swamp dragon scales (worn)
 w - a +0 pair of boots (worn)
Jewellery
 v - a +4 ring of evasion (left hand)
Wands
 k - a wand of digging (4)
Scrolls
 e - a scroll of teleportation
 g - a scroll of holy word
 o - a scroll of noise {unknown}
 s - a scroll of immolation {unknown}
 u - a scroll of blinking {unknown}
Potions
 b - a potion of ambrosia
 d - a potion of might
 h - a potion of flight
 i - 2 potions of cancellation
 j - 2 potions of curing
 l - a potion of haste {unknown}
 m - a potion of brilliance {unknown}
 n - 3 potions of mutation
 p - a potion of attraction {unknown}
 t - a potion of degeneration {unknown}


   Skills:
 + Level 7.7 Fighting
 * Level 10.2 Maces & Flails
 + Level 7.8 Armour
 * Level 10.5 Shields


You had 8 spell levels left.
You didn't know any spells.
Your spell library was empty.

Dungeon Overview and Level Annotations

Branches:
Dungeon (7/15)             Temple (1/1) D:4           Sewer (visited)

Altars:
Ashenzari
Cheibriados
Dithmenos
Elyvilon
Fedhas
Gozag
Hepliaklqana
Kikubaaqudgha
Makhleb
Nemelex Xobeh
Okawaru
Qazlal
Ru
Sif Muna
Trog
Uskayaw
Vehumet
Wu Jian
Xom
Yredelemnul
Zin
The Shining One

Shops:
D:2 (   D:5 =   D:6 [


Innate Abilities, Weirdness & Mutations

You have a pair of horns on your head.
You reflexively headbutt those who attack you in melee.
Your transparent skin significantly reduces your foes' accuracy. (Stealth+)
Your melee attacks may engulf your foes in ooze.


Message History

Aim: a manticore (71% to hit, chance to frenzy on hit: 3%)
You throw a datura-tipped dart.
The datura-tipped dart hits the manticore.
The manticore resists.
The manticore flicks its tail.
The volley of spikes misses you.
Throw: dart (datura)
Press: ? - help, Q - select action, (/) - cycle Shift-Dir - straight line, f/p - manticore
Aim: a manticore (71% to hit, chance to frenzy on hit: 3%)
You throw a datura-tipped dart.
The datura-tipped dart hits the manticore.
The manticore resists.
The manticore flicks its tail.
The volley of spikes hits you!
The barbed spikes become lodged in your body.
* * * LOW HITPOINT WARNING * * *
You feel better.
The manticore flicks its tail.
You block the volley of spikes.
Jiyva says: Divide and consume!
The barbs in your skin will harm you if you move.
Continue?
Uppercase [Y]es or [N]o only, please.
The barbs in your skin will harm you if you move.
Continue?
The barbed spikes dig painfully into your body as you move.
The manticore flicks its tail.
The volley of spikes hits you!
The barbed spikes become lodged in your body.
* * * LOW HITPOINT WARNING * * *
Items here: ( )) †.
The barbed spikes dig painfully into your body as you move.
* * * LOW HITPOINT WARNING * * *
The barbed spikes dig painfully into your body as you move.
* * * LOW HITPOINT WARNING * * *
There is a stone staircase leading down here.
The manticore bites you!
* * * LOW HITPOINT WARNING * * *
The manticore closely misses you.
The manticore claws you but does no damage.
The barbed spikes dig painfully into your body as you move.
You die...

# #........#.####
#.#.####.#........#.....
#.#......#..##...#####..
.................####...
.............#.#..#....#
.............#.#....##.#
...........#......#.##.#
...........#....###..#.#
.#....H@...............#
....(............##.#..#
#......).........##.##..
#................##.####
##................#..
#.........#.#....#
#..........#.#....#
..#.......##......#
####..().## #.....#


You could see a manticore.

Vanquished Creatures
  Harold (D:7)
  A two-headed ogre (D:5)
  Maggie (D:7)
  A wyvern (D:4)
  A steam dragon (D:7)
  2 orc warriors
  A black bear (D:5)
  2 necrophages
  A sky beast (D:6)
  An ogre (D:5)
  2 phantoms
  4 centaurs
  A kobold brigand (D:7)
  3 scorpions
  A bullfrog (D:6)
  A howler monkey (D:7)
  2 quasits (D:6)
  A gnoll shaman (D:7)
  3 orc priests
  A hound (D:4)
  2 jellies (Sewer)
  3 iguanas
  6 orc wizards
  4 gnolls (D:7)
  9 adders
  6 river rats
  2 white imps
  4 worms
  A dart slug (D:1)
  22 orcs
  10 endoplasms
  9 giant cockroaches
  11 goblins
  6 hobgoblins
  4 jackals (D:5)
  2 quokkas
  9 ball pythons
  3 bats
  6 frilled lizards
  13 kobolds
  8 rats
171 creatures vanquished.

Vanquished Creatures (others)
  A bullfrog (D:6)
  6 jellies
  A quasit (D:6)
  An orc wizard (D:7)
  A gnoll (D:7)
  A worm (D:4)
  2 orcs
  A ball python (D:4)
  An endoplasm (D:3)
  2 giant cockroaches (D:4)
  A goblin (D:4)
  2 hobgoblins (D:4)
  7 plants (D:4)
27 creatures vanquished.

Grand Total: 198 creatures vanquished

Notes
Turn   | Place    | Note
-------+----------+-------------------------------------------
     0 | D:1      | eliilek the Minotaur Fighter began the quest for the Orb.
     0 | D:1      | Reached XP level 1. HP: 19/19 MP: 0/0
   185 | D:1      | Reached XP level 2. HP: 27/27 MP: 1/1
   935 | D:2      | Reached XP level 3. HP: 32/33 MP: 2/2
  1278 | D:2      | Found Erphatwa's Weapon Emporium.
  1526 | D:3      | You fall into a shaft and drop 2 floors!
  1526 | D:5      | Entered Level 5 of the Dungeon
  1526 | D:5      | Noticed a phantom
  1544 | D:4      | Killed a phantom
  1545 | D:4      | Reached skill level 5 in Shields
  1545 | D:4      | Reached XP level 4. HP: 16/41 MP: 3/3
  1545 | D:4      | Reached XP level 5. HP: 18/47 MP: 4/4
  1575 | D:3      | Found a glowing drain.
  1590 | Sewer    | Entered a sewer
  2047 | Sewer    | Reached XP level 6. HP: 18/53 MP: 5/5
  2248 | Sewer    | Found a viscous altar of Jiyva.
  2279 | Sewer    | Became a worshipper of Jiyva Joitritz the Shapeless
  2763 | D:3      | Reached * piety under Jiyva
  2764 | D:3      | Found a faded altar of an unknown god.
  2767 | D:3      | Noticed a golden eye
  2774 | D:3      | Noticed an eye of devastation
  2777 | D:3      | Noticed a golden eye
  2777 | D:3      | Noticed a floating eye
  2813 | D:3      | Reached skill level 5 in Maces & Flails
  3361 | D:4      | Reached ** piety under Jiyva
  3643 | D:4      | Found a staircase to the Ecumenical Temple.
  3916 | D:4      | Noticed a wyvern
  3925 | D:4      | Killed a wyvern
  3926 | D:4      | Reached skill level 5 in Fighting
  3926 | D:4      | Reached skill level 5 in Armour
  3926 | D:4      | Reached XP level 7. HP: 52/61 MP: 6/6
  4257 | Temple   | Entered the Ecumenical Temple
  4564 | D:5      | Found an ornate altar of the Wu Jian Council.
  4754 | D:5      | Reached *** piety under Jiyva
  4784 | D:5      | Reached XP level 8. HP: 62/70 MP: 7/7
  4845 | D:5      | Gained mutation: Your translucent skin slightly reduces
                  | your foes' accuracy. (Stealth+) [Jiyva's grace]
  4845 | D:5      | Gained mutation: Your translucent skin reduces your foes'
                  | accuracy. (Stealth+) [Jiyva's grace]
  4845 | D:5      | Gained mutation: Your transparent skin significantly
                  | reduces your foes' accuracy. (Stealth+) [Jiyva's grace]
  4845 | D:5      | Gained mutation: Your melee attacks may engulf your foes in
                  | ooze. [Jiyva's grace]
  4852 | D:5      | Found Coteucix's Jewellery Shoppe.
  5037 | D:6      | Found Jaumik's Antique Armour Shoppe.
  5050 | D:6      | Noticed a two-headed ogre
  5230 | D:5      | HP: 1/70 [two-headed ogre (12)]
  5294 | D:5      | Killed a two-headed ogre
  5378 | D:6      | Bought a pair of boots for 121 gold pieces
  5430 | D:6      | Reached XP level 9. HP: 74/78 MP: 8/8
  5809 | D:6      | Noticed a six-headed hydra
  5908 | D:6      | Reached **** piety under Jiyva
  6108 | D:6      | Slimified a six-headed hydra
  6108 | D:6      | Noticed an azure jelly
  6108 | D:6      | a six-headed hydra changed into an azure jelly
  6290 | D:7      | Noticed Maggie
  6300 | D:7      | Killed Maggie
  6301 | D:7      | Reached skill level 10 in Shields
  6406 | D:7      | Noticed Harold
  6413 | D:7      | Killed Harold
  6414 | D:7      | Reached skill level 10 in Maces & Flails
  6500 | D:7      | Noticed a manticore
  6515 | D:7      | HP: 4/80 [manticore (9)]
  6516 | D:7      | Succumbed to barbed spike wounds

Illustrated notes

Levels and vault maps discovered:
D:1:      lemuel_arrival_behind_the_door_large, layout_basic
D:2:      layout_rooms, serial_shops, shop
D:3:      layout_loops_corners, portal_sewer_entry_e,
          hellmonk_ecumenical_altar_watching_god, st_stairs_5,
          hangedman_glass_teeth, minmay_quadrilaterals
D:4:      nicolae_cairo_tiling, layout_layer_cave,
          minmay_temple_entry_gardened_gates, minmay_unequal
D:5:      layout_rooms, old_standard_altar, serial_shops,
          nicolae_shop_temple_entry_statues_fountains
D:6:      cheibrodos_quashed, layout_basic, serial_shops,
          nicolae_shop_window_shopping
D:7:      layout_rooms, uniq_harold, uniq_maggie
Temple:   nicolae_temple_the_god_donut

Skill      XL: |  1  2  3  4  5  6  7  8  9 |
---------------+----------------------------+-----
Shields        | 4 5 6 7 9 10 | 10.5
Maces & Flails | 3 4 5 6 8 10 | 10.2
Fighting       | 4 5 6 7 |  7.7
Armour         | 4 5 6 7 |  7.8

Action                   |  1- 3 |  4- 6 |  7- 9 || total
-------------------------+-------+-------+-------++-------
Melee: Flail             |    95 |   140 |   223 ||   458
       Headbutt          |    12 |    16 |    64 ||    92
Throw: Dart              |       |       |     4 ||     4
Invok: Slimify           |       |       |     1 ||     1
Evoke: Wand              |       |       |     1 ||     1
  Use: Scroll            |     3 |       |     6 ||     9
       Potion            |       |       |     3 ||     3
Armor: Scale mail        |    14 |       |       ||    14
       Ring mail         |    18 |    40 |    17 ||    75
       Chain mail        |       |       |    65 ||    65
       Swamp dragon scal |       |       |     5 ||     5
Dodge: Dodged            |    42 |    60 |   156 ||   258
Block: Buckler           |    16 |    33 |    79 ||   128
